Map: Darkness Sanctuary LE

Players

InZaNe

  • Race: Terran Terran
  • League: Grandmaster
  • Spawn Location: 1:00

Lambo - Winner!

  • Race: Zerg Zerg
  • League: Master
  • Spawn Location: 11:00

Event: HomeStory Cup XVII

VOD

Have the link to the VOD?

Description

Time

  • Played on: June 28, 2018, 9:47 a.m.
  • Length: 8:29

All games in this series

Show
View Real Time Build Order
Export as new Build Order

InZaNe Terran 

Build Orders: Command Center First (CC), MMM Bio 

Get SALT Encoding   

  12  0:00  SCV  
  13  0:12  SCV  
  14  0:17  Supply Depot  
  14  0:25  SCV  
  15  0:38  SCV  
  16  0:50  SCV  
  17  0:59  Command Center  
  17  1:02  SCV  
  18  1:10  Refinery  
  18  1:15  SCV  
  19  1:26  Refinery  
  19  1:27  SCV  
  19  1:29  Barracks  
  20  1:39  SCV  
  21  1:51  SCV  
  22  2:15  Orbital Command  
  22  2:16  Orbital Command, Factory  
  22  2:17  Barracks Reactor  
  22  2:31  Orbital Command  
  22  2:41  Command Center  
  22  2:44  SCV  
  23  2:57  SCV  
  24  3:02  Barracks Tech Lab, SCV  
  25  3:06  Hellion x2  
  25  3:10  SCV  
  30  3:14  SCV  
  30  3:15  Supply Depot  
  31  3:20  Marine  
  31  3:22  SCV  
  31  3:26  SCV  
  34  3:27  Cyclone  
  34  3:33  Stimpack  
  37  3:35  SCV  
  37  3:37  Cyclone  
  37  3:40  SCV  
  37  3:41  Marine  
  42  3:47  SCV  
  44  3:54  Orbital Command, Supply Depot  
  45  3:59  SCV  
  45  4:01  Hellion, SCV  
  48  4:09  Hellion  
  50  4:10  Bunker  
  50  4:11  Supply Depot, SCV  
  50  4:14  SCV  
  50  4:16  Bunker  
  52  4:19  Marine  
  52  4:20  SCV  
  52  4:23  SCV  
  55  4:26  SCV  
  55  4:30  Hellion  
  55  4:31  Hellion  
  60  4:32  SCV  
  60  4:36  SCV  
  60  4:37  Engineering Bay x2  
  62  4:39  Supply Depot, Marine, SCV  
  65  4:48  SCV  
  65  4:49  Refinery  
  65  4:51  SCV  
  66  4:53  Orbital Command  
  66  4:59  Marine, Barracks  
  67  5:00  Factory Reactor, SCV  
  67  5:01  Barracks  
  67  5:03  Terran Infantry Weapons Level 1, Terran Infantry Armor Level 1, SCV  
  69  5:07  Refinery  
  69  5:08  Refinery  
  69  5:12  SCV  
  70  5:15  SCV  
  70  5:18  Marine  
  72  5:22  SCV  
  72  5:24  SCV  
  72  5:27  SCV  
  75  5:30  Supply Depot  
  75  5:31  Supply Depot  
  75  5:34  SCV  
  76  5:36  SCV  
  76  5:37  Combat Shields, Marine  
  76  5:39  SCV  
  76  5:41  Starport  
  79  5:45  Factory Tech Lab  
  79  5:46  SCV  
  79  5:47  Barracks x2  
  80  5:52  Marine x2  
  80  5:54  SCV x2  
  84  5:58  SCV  
  85  6:06  Marine x2, SCV x2  
  85  6:07  Armory  
  85  6:08  Marine, Siege Tank  
  85  6:10  SCV  
  94  6:18  Supply Depot, SCV x2  
  96  6:19  Supply Depot, Marine x2, Starport Reactor  
  96  6:20  Supply Depot  
  96  6:22  SCV  
  99  6:26  Refinery  
  99  6:27  Marine x2  
  99  6:28  Refinery  
  101  6:35  Barracks Reactor x2  
  101  6:36  Factory  
  101  6:40  Marine, SCV x3  
  101  6:41  Marine x2  
  101  6:44  Siege Tank  
  101  6:46  Marine  
  101  6:47  Marine  
  110  6:52  SCV x3  
  115  6:58  Medivac x2, Marine  
  115  6:59  Marine  
  119  7:06  Marine  
  119  7:07  Marine, Barracks  
  119  7:08  Barracks  
  121  7:11  Barracks  
  121  7:12  Missile Turret  
  121  7:14  Missile Turret  
  121  7:16  Marine  
  121  7:17  Marine x2  
  121  7:18  Marine  
  121  7:19  Marine x2  
  121  7:22  Siege Tank  
  122  7:27  Factory Tech Lab  
  122  7:29  Marauder, Marine  
  125  7:34  Marine x3  
  128  7:38  Marine  
  128  7:39  Marine x3  
  118  7:47  Marine  
  118  7:49  Marine  
  118  7:50  Siege Tank  
  115  7:52  Medivac x2, Marine  
  115  7:57  Marine x6  
  120  7:59  Marine  
  120  8:00  Marine x2  
  120  8:04  Marine  
  101  8:07  Marine  
  101  8:10  Marine  
Show
View Real Time Build Order
Export as new Build Order

Lambo Zerg - Winner!

Build Orders: Hatch First 

Get SALT Encoding   

  12  0:01  Drone  
  13  0:12  Overlord  
  13  0:18  Drone  
  14  0:31  Drone x2  
  16  0:49  Hatchery  
  15  0:51  Drone  
  15  0:54  Drone  
  15  0:57  Drone  
  18  1:08  Extractor  
  17  1:12  Spawning Pool  
  17  1:16  Drone  
  17  1:21  Drone  
  18  1:28  Drone  
  19  1:38  Drone  
  20  1:49  Overlord  
  20  1:59  Queen  
  20  2:00  Queen  
  24  2:01  Zergling x2  
  24  2:02  Zergling x2  
  26  2:09  Metabolic Boost  
  26  2:11  Drone  
  26  2:15  Drone  
  28  2:23  Drone  
  29  2:32  Hatchery  
  29  2:35  Drone  
  29  2:42  Queen  
  29  2:44  Zergling x2  
  32  2:52  Drone x2  
  32  2:55  Overlord  
  32  2:57  Drone  
  35  3:00  Drone  
  36  3:18  Drone x6  
  42  3:20  Queen  
  44  3:27  Overlord  
  44  3:46  Zergling x8  
  48  3:50  Drone  
  48  3:51  Drone x3  
  48  3:52  Drone x2  
  48  3:55  Queen  
  55  3:56  Drone x2  
  57  4:04  Overlord  
  57  4:08  Overlord  
  57  4:15  Overlord  
  57  4:16  Queen, Extractor x2  
  57  4:23  Drone x4  
  61  4:25  Drone x2  
  61  4:28  Drone x3  
  61  4:29  Roach Warren  
  66  4:31  Drone x2  
  66  4:33  Drone x2  
  66  4:35  Drone  
  66  4:38  Lair  
  70  4:40  Drone x2  
  70  4:41  Drone  
  73  4:53  Drone x2  
  73  4:54  Drone x2  
  73  4:57  Drone  
  73  4:59  Overlord  
  78  5:01  Overlord, Evolution Chamber  
  78  5:03  Overlord, Evolution Chamber  
  78  5:05  Drone x2  
  78  5:11  Extractor x3  
  75  5:15  Drone x4  
  75  5:16  Drone  
  75  5:18  Drone  
  81  5:26  Roach x4  
  81  5:27  Drone  
  90  5:30  Zerg Missile Weapons Level 1, Zerg Ground Armor Level 1  
  90  5:35  Drone  
  91  5:37  Glial Reconstitution  
  91  5:39  Roach x4  
  91  5:40  Overlord  
  91  5:41  Drone x2  
  101  5:45  Overlord x2  
  101  5:48  Overlord  
  100  5:52  Overlord  
  100  6:00  Roach  
  100  6:01  Roach x4  
  107  6:05  Roach  
  107  6:07  Roach  
  107  6:08  Roach x2  
  107  6:10  Roach x3  
  121  6:12  Roach  
  123  6:19  Roach  
  123  6:24  Roach x2  
  129  6:26  Overlord  
  129  6:27  Roach  
  129  6:28  Roach  
  129  6:30  Overlord  
  133  6:33  Overlord  
  133  6:34  Roach x4  
  133  6:37  Roach x2  
  145  6:42  Overlord  
  145  6:45  Overlord  
  145  6:46  Overlord  
  145  6:47  Ravager x3  
  145  6:48  Ravager x5  
  145  6:51  Roach x2  
  157  6:58  Roach x3  
  166  7:01  Roach x3  
  166  7:04  Overlord  
  166  7:07  Roach x3  
  174  7:12  Roach  
  176  7:16  Roach x3  
  176  7:18  Roach  
  176  7:19  Ravager  
  176  7:20  Overlord  
  185  7:23  Roach  
  185  7:26  Roach x3  
  185  7:28  Overlord  
  193  7:32  Overlord  
  193  7:36  Roach x2  
  193  7:37  Roach  
  198  7:40  Roach x2  
  198  7:43  Roach  
  175  7:47  Roach x4  
  175  7:49  Ravager x2  
  185  7:53  Roach x2  
  181  8:00  Roach x3  
  181  8:02  Roach x2  
  175  8:08  Roach x2  
  175  8:09  Roach, Hatchery  
Tags
 
Add a new tag
Caveats
  • Supply blocks, unpowered buildings, or Contaminate may cause inaccurate times.
  • Supply counts are checked every 10 seconds.